 Dungeon Crawl Stone Soup version 0.30.1 (webtiles) character file.

Game seed: 593650552201354500

180047 GeoRichter the Impaler (level 17, -3/142 HPs)
             Began as a Demonspawn Brigand on July 7, 2023.
             Was the Champion of Okawaru.
             Shot with an arrow by a deep elf master archer (6 damage)
             ... on level 3 of the Elven Halls.
             The game lasted 01:10:09 (34563 turns).

GeoRichter the Impaler (Demonspawn Brigand)        Turns: 34563, Time: 01:10:09

Health: -3/142     AC: 32    Str: 18    XL:     17   Next: 63%
Magic:  24/24      EV: 18    Int: 11    God:    Okawaru [******]
Gold:   2329       SH:  0    Dex: 22    Spells: 16/16 levels left

rFire   + . .        b - +9 glaive (heavy)
rCold   + + .        (shield currently unavailable)
rNeg    . . .        E - +0 acid dragon scales
rPois   .            O - +1 hat {Will+}
rElec   .            e - +1 cloak {rC+}
rCorr   +            c - +0 pair of gloves
SInv    .            w - +1 pair of boots {rampage}
Will    ++...        A - amulet "Girch" {rC+ Regen+}
Stlth   ++++         P - ring of protection from fire
HPRegen 1.23/turn    T - +4 ring of protection
MPRegen 0.19/turn

%: rampage
@: sanguine armoured, unable to drink
A: antennae 2, foul stench 2, spiny 2, sanguine armour 3, talons 1, thin
skeletal structure 1, strong 1, inability to drink after injury 1
a: Renounce Religion, Heroism, Finesse, Duel


You were on level 3 of the Elven Halls.
You worshipped Okawaru.
Okawaru was exalted by your worship.
You visited 5 branches of the dungeon, and saw 28 of its levels.
You also visited: Sewer, Ice Cave and Volcano.

You collected 2945 gold pieces.
You spent 616 gold pieces at shops.

Inventory:

Hand Weapons
 a - a +2 bardiche of freezing
   (Okawaru gifted it to you on level 1 of the Spider Nest)
 b - a +9 heavy glaive (weapon)
   (You took it off Maggie on level 7 of the Dungeon)
Missiles
 d - 54 poisoned darts (quivered)
 l - 9 curare-tipped darts {!f}
 K - 9 atropa-tipped darts
Armour
 c - a +0 pair of gloves (worn)
   (You found it on level 1 of the Spider Nest)
 e - a +1 cloak of cold resistance (worn)
   (You found it in an ice cave)
 w - a +1 pair of boots of rampaging (worn)
   (You acquired it on level 4 of the Dungeon)
 B - a +3 ring mail of poison resistance
   (You found it on level 11 of the Dungeon)
 E - +0 acid dragon scales (worn)
   (You found it on level 11 of the Dungeon)
 O - a +1 hat of willpower (worn)
   (Okawaru gifted it to you on level 3 of the Elven Halls)
 Y - the +4 plate armour "Juqifem" {rC+ Str+4 Slay+3}
   (You found it on level 14 of the Dungeon)

   Str:       It affects your strength (+4).
   Slay:      It affects your accuracy & damage with ranged weapons and melee
   (+3).
   rC:        It protects you from cold.
Jewellery
 A - the amulet "Girch" (around neck) {rC+ Regen+}
   (You bought it in a shop on level 2 of the Orcish Mines)

   [amulet of regeneration]

   rC:        It protects you from cold.
   Regen:     It increases your rate of health regeneration.
 N - a ring of flight
   (You found it on level 4 of the Lair of Beasts)
 P - a ring of protection from fire (left hand)
   (You found it on level 2 of the Spider Nest)
 T - a +4 ring of protection (right hand)
   (You found it on level 10 of the Dungeon)
 U - the amulet "Mad Doge" {Acrobat rF+ Will+ Stlth-}
   (You took it off an efreet on level 11 of the Dungeon)

   [amulet of the acrobat]

   It increases your evasion while moving and waiting.
   rF:        It protects you from fire.
   Will:      It increases your willpower.
   Stlth:     It makes you less stealthy.
 V - a ring of willpower
   (You found it on level 11 of the Dungeon)
Wands
 D - a wand of mindburst (2)
   (You found it on level 9 of the Dungeon)
 L - a wand of roots (6)
   (You found it on level 2 of the Lair of Beasts)
 R - a wand of quicksilver (13)
   (You found it on level 9 of the Dungeon)
 S - a wand of polymorph (3)
   (You took it off a kobold brigand on level 10 of the Dungeon)
 Z - a wand of digging (10)
   (You found it on level 14 of the Dungeon)
Scrolls
 f - 5 scrolls of silence
 g - 8 scrolls of fog
 i - 3 scrolls of fear
 j - 2 scrolls of poison {!r}
 m - 8 scrolls of immolation {!r}
 n - 5 scrolls of vulnerability {!r}
 o - 2 scrolls of torment {!r}
 p - 2 scrolls of magic mapping
 r - 9 scrolls of noise {!r}
 s - 12 scrolls of teleportation {@r4}
 G - 5 scrolls of enchant armour
 J - 2 scrolls of blinking
 M - 2 scrolls of summoning
 W - a scroll of identify {@r1}
Potions
 h - 3 potions of cancellation
 k - 7 potions of brilliance
 q - 5 potions of flight
 t - 8 potions of lignification {!q}
 u - 5 potions of attraction {!q}
 v - a potion of heal wounds {@q2}
 x - 4 potions of mutation {!q}
 y - 5 potions of curing {@q1}
 z - 5 potions of might
 C - 2 potions of magic
 F - a potion of resistance
 H - a potion of haste {@q3}
 I - 2 potions of berserk rage
Miscellaneous
 Q - a phial of floods (inert)
   (You found it on level 9 of the Dungeon)
 X - a box of beasts
   (You found it on level 11 of the Dungeon)


   Skills:
 + Level 15.0 Fighting
 - Level 8.5 Short Blades
 * Level 18.9 Polearms
 - Level 1.7 Throwing
 + Level 11.9 Armour
 - Level 9.6 Dodging
 - Level 3.6 Stealth
 - Level 10.0 Invocations
 - Level 6.0 Evocations


You had 16 spell levels left.
You didn't know any spells.
Your spell library contained the following spells:

 Spells                   Type           Power      Damage    Failure   Level
 Apportation              Tloc           0%         N/A       41%         1
 Beastly Appendage        Tmut           0%         N/A       41%         1
 Kiss of Death            Conj/Necr      0%         2d5       41%         1
 Magic Dart               Conj           0%         1d3       41%         1
 Necrotise                Necr           0%         1d4       41%         1
 Shock                    Conj/Air       0%         1d3       41%         1
 Sting                    Tmut/Pois      0%         1d3       41%         1
 Blink                    Tloc           0%         N/A       54%         2
 Ensorcelled Hibernation  Hex/Ice        0%         N/A       54%         2
 Lesser Beckoning         Tloc           0%         N/A       54%         2
 Momentum Strike          Conj/Tloc      0%         3d8       54%         2
 Poisonous Vapours        Pois/Air       0%         N/A       54%         2
 Scorch                   Fire           0%         2d5       54%         2
 Searing Ray              Conj           0%         2d4       54%         2
 Wereblood                Tmut           0%         N/A       54%         2
 Confusing Touch          Hex            0%         N/A       78%         3
 Frozen Ramparts          Ice            0%         1d1       78%         3
 Hailstorm                Conj/Ice       0%         3d3       78%         3
 Mephitic Cloud           Conj/Pois/Air  0%         N/A       78%         3
 Ozocubu's Armour         Ice            0%         N/A       78%         3
 Spider Form              Tmut/Pois      0%         N/A       78%         3
 Swiftness                Air            0%         N/A       78%         3
 Vhi's Electric Charge    Tloc/Air       0%         N/A       78%         3
 Airstrike                Air            0%         2d(0-16)  99%         4
 Anguish                  Hex/Necr       0%         N/A       99%         4
 Dispel Undead            Necr           0%         3d6       99%         4
 Flame Wave               Conj/Fire      0%         2d4       99%         4
 Fulminant Prism          Conj/Hex       0%         3d5       99%         4
 Olgreb's Toxic Radiance  Pois           0%         N/A       99%         4
 Arcjolt                  Conj/Air       0%         1d10      100%        5
 Freezing Cloud           Conj/Ice/Air   0%         6-21      100%        5
 Ozocubu's Refrigeration  Ice            0%         4d7       100%        7
 Maxwell's Capacitive Co  Air            0%         ∞         100%        8
 Polar Vortex             Ice            0%         N/A       100%        9
 Summon Small Mammal      Summ           Unusable   N/A       N/A         1
 Summon Cactus Giant      Summ           Unusable   N/A       N/A         6

Dungeon Overview and Level Annotations

Branches:
Dungeon (15/15) Zot: 25819  Temple (0/1) D:5            Lair (5/5) D:8 Zot: 21396
 Shoals (0/4) Lair:3       Spider (3/4) Lair:3 Zot: 15464   Slime (0/5) Lair:4
    Orc (2/2) D:10 Zot: 9739     Elf (3/3) Orc:2 Zot: 14536  Vaults (0/5) D:13
 Depths (0/4) D:15          Sewer (visited)           IceCv (visited)
Volcano (visited)

Altars:
Cheibriados
Dithmenos
Fedhas
Gozag
Makhleb
Okawaru
Qazlal
Ru
Sif Muna
Uskayaw
Vehumet
Wu Jian
Xom

Shops:
Orc:2 ?*=(   Elf:1 [   Elf:3 :=:

Annotations:
D:8 3 transporters
Lair:4 exclusion: oklob plant
Elf:2 3 runed translucent doors


Innate Abilities, Weirdness & Mutations

You have a pair of antennae on your head.
You sometimes emit foul miasma when damaged in melee.
You are mostly covered in sharp spines.
When seriously injured, your blood forms very thick armour. (AC +12)
You have sharp toenails.
You have a somewhat thin skeletal structure. (Dex +2, Stealth+)
Your muscles are strong. (Str +4, Int/Dex -1)
You occasionally lose the ability to drink potions when taking damage.


Message History

The arrow completely misses you.
The deep elf master archer shoots an arrow.
The arrow hits you!
There is a stone staircase leading up, spattered with blood here.
You see here the +0 hat "Genuk" {Dex+4}.
The deep elf master archer shoots an arrow.
The arrow barely misses you.
The deep elf high priest utters a dark prayer and points at you.
Your life force is offered up.
The deep elf master archer shoots an arrow.
The arrow barely misses you.
You climb upwards.
Level annotation: 3 runed translucent doors
There is a stone staircase leading down here.
HP restored.
There is a stone staircase leading down here.
You climb downwards.
The deep elf master archer shoots an arrow.
The arrow hits you!!
There is a stone staircase leading up, spattered with blood here.
Throw: 54 darts (poison)
Press: ? - help, Q - select action, (/) - cycle Shift-Dir - straight line, f - deep elf high priest
Aim: a deep elf high priest, wielding the +7 mace "Kutzaeb" {flame, rElec Int+2}, wearing the +4 Cigotuvi's embrace {Corpsefed rMiasma Drain rN+} and wearing the +5 Storm Queen's Shield {shock, Fly rElec} (64% to hit)
Okay, then.
The deep elf master archer shoots an arrow.
The arrow hits you!
The deep elf master archer shoots an arrow.
The arrow hits you!!
* * * LOW HITPOINT WARNING * * *
Your blood congeals into armour.
The deep elf high priest invokes the aid of its god against you.
The sphere of damnation explodes!
The damnation engulfs you!
* * * LOW HITPOINT WARNING * * *
You hear a shout!
The deep elf master archer shoots an arrow.
The arrow misses you.
The deep elf master archer shoots an arrow.
The arrow hits you!!
You feel threatened and lose the ability to drink potions!
* * * LOW HITPOINT WARNING * * *
The deep elf high priest invokes the aid of its god against you.
Something smites you!
* * * LOW HITPOINT WARNING * * *
There is a stone staircase leading up, spattered with blood here.
The deep elf master archer shoots an arrow.
The arrow hits you!
* * * LOW HITPOINT WARNING * * *
The deep elf master archer shoots an arrow.
The arrow hits you.
You die...

#.#########......'....##.....'.
#.^..............'...##..[...#.
#...........######..##...8...'.
#.#########.# ####........#. #.#
#.# ##......####. #.#
#.#######..8.[####### #.#
###.8.##[.[.........#
#.##########.....#).[.....)....
##..........#8.@..')8.<)8..8...#
#...........#.....#...e........'
#.############.8.##...e[.......#
#.# #######..8.)####### #.#
##...ee.####. #.# ##........#.
#.# ##(..8..... #.# ###......#.
#.# #.##.......


You could see a deep elf master archer and a deep elf high priest.

Vanquished Creatures
  Jorgrun (D:15)
  Rupert (Orc:2)
  A deep elf master archer (Elf:3)
  3 deep elf blademasters (Elf:3)
  Frances (Elf:1)
  3 azure jellies (IceCv)
  A rockslime (IceCv)
  6 deep elf sorcerers
  An emperor scorpion (Spider:2)
  3 deep elf elementalists (Elf:3)
  Louise (Spider:2)
  3 quicksilver oozes (IceCv)
  An orc warlord (Orc:2)
  A broodmother (Spider:2)
  Nessos (D:14)
  4 deep elf demonologists
  A dire elephant (D:15)
  6 deep elf annihilators (Elf:3)
  2 spark wasps (Spider:2)
  Snorg (Orc:2)
  Josephine (D:13)
  3 deep elf death magi
  2 deep elf high priests (Elf:3)
  A vault guard (D:13)
  Erolcha (D:13)
  4 hydras
  The ghost of Graphine the Destroyer, a journeyman DsCj of Gozag (D:10)
  3 catoblepae (Lair:5)
  A death knight (D:11)
  An ogre mage (D:15)
  7 boulder beetles
  3 centaur warriors
  2 radroaches
  Erica (D:9)
  8 two-headed ogres
  19 dancing weapons
  10 death yaks
  A death scarab (Spider:1)
  18 deep elf knights
  Amaemon (D:9)
  2 skysharks
  2 pharaoh ants (Spider:1)
  Pikel (D:6)
  24 deep elf zephyrmancers
  30 deep elf pyromancers
  3 steelbarb worms
  4 orb spiders
  A harpy (shapeshifter) (Elf:1)
  11 deep elf archers
  A necromancer (D:15)
  An orc knight (D:11)
  5 manticores
  10 orc sorcerers
  11 wolf spiders
  3 ugly things
  4 cyclopes
  A moth of wrath (Spider:2)
  2 salamanders
  2 black mambas (Lair:3)
  2 guardian serpents (shapeshifter)
  An orange demon (D:9)
  Joseph (D:7)
  12 cane toads
  5 demonic crawlers
  Maggie (D:7)
  2 torpor snails
  2 gargoyles
  A kobold demonologist (D:10)
  An unseen horror (shapeshifter) (D:15)
  4 freezing wraiths (D:14)
  An unseen horror (D:12)
  6 komodo dragons
  An efreet (D:11)
  2 rime drakes
  A tengu conjurer (D:14)
  5 trolls
  Grinder (Sewer)
  3 meliai (D:15)
  10 tarantellas
  A polar bear (Lair:3)
  13 slime creatures
  Prince Ribbit (D:7)
  7 blink frogs
  13 jumping spiders
  3 shadows
  An air elemental (Elf:1)
  8 culicivoras
  A centaur simulacrum (D:15)
  A culicivora (shapeshifter) (Elf:1)
  8 wraiths
  5 water elementals
  7 wyverns
  31 yaks
  2 fire elementals
  4 basilisks
  2 steam dragons
  23 redbacks
  4 vampire mosquitoes
  A harpy simulacrum (D:14)
  Edmund (D:5)
  12 wargs
  A naga (shapeshifter) (D:15)
  2 acid dragons
  9 water moccasins
  A sky beast (D:7)
  An ice beast (D:7)
  8 orc warriors
  5 black bears
  4 great orb of eyes simulacra (IceCv)
  A boggart (D:11)
  5 centaurs
  7 ogres
  A lemure (D:6)
  10 wolves
  5 slime creature simulacra (IceCv)
  5 kobold brigands
  A scorpion (D:5)
  16 bullfrogs
  3 earth elementals (Elf:3)
  6 glowing shapeshifter simulacra (IceCv)
  8 wights
  3 killer bees (D:10)
  9 electric eels
  A quasit (Sewer)
  A jelly (D:5)
  14 orc priests
  5 hounds
  A sleepcap (D:6)
  Crazy Yiuf (D:5)
  A gnoll bouda (D:6)
  5 iguanas
  34 orc wizards
  3 polar bear simulacra (D:15)
  5 yak simulacra (D:15)
  A wolf simulacrum (D:15)
  18 gnolls
  7 adders
  3 shadow imps (Sewer)
  6 ufetubi
  7 worms
  3 dart slugs
  65 orcs
  9 ball pythons
  5 bats
  12 endoplasms
  5 giant cockroaches
  9 goblins
  8 hobgoblins
  17 jackals
  8 quokkas
  4 frilled lizards
  33 kobolds
  A kobold zombie (Sewer)
  7 rats
  2 river rat simulacra (D:15)
871 creatures vanquished.

Vanquished Creatures (others)
  A deep elf knight (Elf:2)
  A deep elf pyromancer (Elf:1)
  An orc wizard (D:9)
  An orc (Orc:2)
  A giant cockroach zombie (Sewer)
5 creatures vanquished.

Grand Total: 876 creatures vanquished

Notes
Turn   | Place    | Note
-------+----------+-------------------------------------------
     0 | D:1      | GeoRichter the Demonspawn Brigand began the quest for the
                  | Orb.
     0 | D:1      | Reached XP level 1. HP: 16/16 MP: 1/1
   135 | D:1      | Gained mutation: You have a pair of small antennae on your
                  | head. [demonic ancestry]
   135 | D:1      | Reached XP level 2. HP: 22/22 MP: 2/2
   509 | D:1      | Reached XP level 3. HP: 27/27 MP: 3/3
  1550 | D:2      | Reached XP level 4. HP: 21/33 MP: 4/4
  2353 | D:3      | Gained mutation: When seriously injured, your blood forms
                  | armour. (AC +12) [demonic ancestry]
  2353 | D:3      | Reached XP level 5. HP: 37/40 MP: 5/5
  2451 | D:3      | Found a faded altar of an unknown god.
  2530 | D:3      | Prayed at the altar of an unknown god.
  2530 | D:3      | Became a worshipper of Warmaster Okawaru
  2530 | D:3      | Reached * piety under Okawaru
  2636 | D:3      | Reached skill level 1 in Invocations
  3064 | D:4      | Found a glowing drain.
  3141 | Sewer    | Entered a sewer
  3371 | Sewer    | Found a burning altar of Makhleb.
  3406 | Sewer    | Reached skill level 5 in Short Blades
  3406 | Sewer    | Gained mutation: You may rarely emit foul miasma when
                  | damaged in melee. [demonic ancestry]
  3406 | Sewer    | Reached XP level 6. HP: 30/46 MP: 4/7
  3469 | Sewer    | Noticed Grinder
  3562 | Sewer    | Killed Grinder
  3563 | Sewer    | Gained mutation: You are partially covered in sharp spines.
                  | [demonic ancestry]
  3563 | Sewer    | Reached XP level 7. HP: 10/51 MP: 6/9
  3855 | Sewer    | Reached ** piety under Okawaru
  4034 | D:4      | Identified a scroll of acquirement
  4034 | D:4      | Acquired a +1 pair of boots of rampaging
  4387 | D:4      | Reached skill level 5 in Invocations
  4680 | D:4      | Found a shadowy altar of Dithmenos.
  4905 | D:5      | Entered Level 5 of the Dungeon
  5014 | D:5      | Noticed Edmund
  5034 | D:5      | Killed Edmund
  5035 | D:5      | Reached XP level 8. HP: 51/57 MP: 12/12
  5556 | D:5      | Found a runed translucent door.
  5557 | D:5      | Noticed Crazy Yiuf
  5610 | D:5      | Found a staircase to the Ecumenical Temple.
  5862 | D:5      | Reached *** piety under Okawaru
  6078 | D:5      | Killed Crazy Yiuf
  6284 | D:6      | Reached skill level 1 in Dodging
  6538 | D:6      | Reached skill level 5 in Fighting
  6679 | D:6      | Noticed Pikel
  6710 | D:6      | Killed Pikel
  6710 | D:6      | Reached **** piety under Okawaru
  6711 | D:6      | Gained mutation: You sometimes emit foul miasma when
                  | damaged in melee. [demonic ancestry]
  6711 | D:6      | Reached XP level 9. HP: 24/69 MP: 5/13
  7223 | D:7      | Noticed Maggie
  7295 | D:7      | Killed Maggie
  7314 | D:7      | Received a gift from Okawaru
  7417 | D:7      | Found a blossoming altar of Fedhas.
  7489 | D:7      | Noticed Prince Ribbit
  7499 | D:7      | Killed Prince Ribbit
  7500 | D:7      | Reached skill level 5 in Dodging
  7702 | D:7      | Found a stormy altar of Qazlal.
  7715 | D:7      | Noticed Joseph
  7717 | D:7      | Killed Joseph
  7718 | D:7      | Reached skill level 1 in Polearms
  7757 | D:7      | Reached skill level 2 in Polearms
  7897 | D:7      | Reached ***** piety under Okawaru
  8040 | D:8      | Reached skill level 3 in Polearms
  8093 | D:8      | Reached XP level 10. HP: 79/79 MP: 14/14
  8099 | D:8      | Found a staircase to the Lair.
  8338 | D:8      | Reached skill level 4 in Polearms
  8457 | D:8      | Reached skill level 5 in Polearms
  8589 | D:8      | Noticed a two-headed ogre
  8605 | D:8      | Killed a two-headed ogre
  8605 | D:8      | Identified the +0 scale mail "Zuivy" {Str+3} (Okawaru
                  | gifted it to you on level 8 of the Dungeon)
  8605 | D:8      | Received a gift from Okawaru
  8606 | D:8      | Reached skill level 6 in Polearms
  8821 | D:8      | Reached skill level 7 in Polearms
  9135 | D:8      | Found a transporter.
  9178 | D:8      | Found a transporter.
  9225 | D:8      | Found an ornate altar of the Wu Jian Council.
  9257 | D:8      | Found a transporter.
  9262 | D:8      | Reached skill level 8 in Polearms
  9468 | D:8      | Found a transporter.
  9660 | Lair:1   | Entered Level 1 of the Lair of Beasts
  9687 | Lair:1   | Reached XP level 11. HP: 42/86 MP: 9/15
  9826 | Lair:1   | Reached skill level 9 in Polearms
 10007 | Lair:1   | Found a dark tunnel.
 10016 | Volcano  | Entered a volcano
 10056 | Volcano  | Reached skill level 10 in Polearms
 10224 | Volcano  | Noticed a hell knight
 10913 | Lair:1   | Reached skill level 1 in Armour
 11726 | Lair:2   | Noticed a boulder beetle
 11732 | Lair:2   | Killed a boulder beetle
 11789 | Lair:2   | Noticed a boulder beetle
 11808 | Lair:2   | Killed a boulder beetle
 11808 | Lair:2   | Received a gift from Okawaru
 12565 | Lair:3   | Found a staircase to the Shoals.
 12585 | Lair:3   | Reached skill level 11 in Polearms
 12897 | Lair:3   | Received a gift from Okawaru
 13105 | Lair:3   | Gained mutation: You have a pair of antennae on your head.
                  | [demonic ancestry]
 13105 | Lair:3   | Reached XP level 12. HP: 81/95 MP: 14/17
 13138 | Lair:3   | Reached ****** piety under Okawaru
 13255 | Lair:3   | Noticed a six-headed hydra
 13261 | Lair:3   | Killed a three-headed hydra
 13835 | Lair:3   | Found a hole to the Spider Nest.
 14042 | Lair:3   | Noticed a death yak
 14056 | Lair:3   | Noticed a death yak
 14061 | Lair:3   | Killed a death yak
 14064 | Lair:3   | Killed a death yak
 14064 | Lair:3   | Received a gift from Okawaru
 14666 | Lair:4   | Noticed a death yak
 14684 | Lair:4   | Killed a death yak
 14685 | Lair:4   | Reached skill level 12 in Polearms
 14688 | Lair:4   | Noticed a death yak
 14696 | Lair:4   | Killed a death yak
 14696 | Lair:4   | Received a gift from Okawaru
 15094 | Lair:4   | Identified the +9 dagger of Wirod {holy, Fragile rN+++
                  | Int+3 Dex-5}
 15124 | Lair:4   | Found a staircase to the Slime Pits.
 15762 | Lair:5   | Entered Level 5 of the Lair of Beasts
 15798 | Lair:4   | Reached skill level 5 in Armour
 16525 | Lair:5   | Noticed a boulder beetle
 16533 | Lair:5   | Killed a boulder beetle
 16534 | Lair:5   | Reached skill level 10 in Fighting
 16654 | Lair:5   | Noticed a six-headed hydra
 16655 | Lair:5   | Noticed a six-headed hydra
 16881 | Lair:5   | Killed a two-headed hydra
 16970 | Lair:5   | Noticed a catoblepas
 16990 | Lair:5   | Killed a catoblepas
 17071 | Lair:5   | Noticed a death yak
 17079 | Lair:5   | Killed a death yak
 17080 | Lair:5   | Gained mutation: When seriously injured, your blood forms
                  | thick armour. (AC +12) [demonic ancestry]
 17080 | Lair:5   | Reached XP level 13. HP: 80/103 MP: 13/19
 17279 | Lair:5   | Reached skill level 13 in Polearms
 17281 | Lair:5   | Received a gift from Okawaru
 17352 | Lair:5   | Identified the +9 battleaxe "Secret Weapon" {pain, rF-
                  | Int+4 Stlth+} (Okawaru gifted it to you on level 5 of the
                  | Lair of Beasts)
 17352 | Lair:5   | Received a gift from Okawaru
 17518 | Lair:5   | Reached skill level 10 in Invocations
 18330 | D:9      | Noticed Amaemon
 18336 | D:9      | Killed Amaemon
 18343 | D:8      | HP: 5/104 [poisoned by an orange demon]
 18718 | D:9      | Noticed Erica
 18725 | D:9      | Killed Erica
 18885 | D:9      | Found a shimmering altar of Xom.
 18903 | D:9      | Found a snail-covered altar of Cheibriados.
 19040 | D:9      | Found a shimmering blue altar of Sif Muna.
 19046 | D:9      | Found a radiant altar of Vehumet.
 19048 | D:9      | Found an opulent altar of Gozag.
 19053 | D:9      | Found a burning altar of Makhleb.
 19506 | D:10     | Entered Level 10 of the Dungeon
 19521 | D:10     | Found a runed translucent door.
 19521 | D:10     | Noticed Graphine's ghost (journeyman DsCj)
 19603 | D:10     | Reached skill level 1 in Evocations
 19953 | D:10     | Identified the +4 ring mail of Etoleym {-Tele rPois Dex+3}
                  | (Okawaru gifted it to you on level 10 of the Dungeon)
 19953 | D:10     | Received a gift from Okawaru
 20148 | D:10     | Identified the +4 quarterstaff of Gehenna {freeze, rN+
                  | MP+9}
 20266 | D:10     | Found a staircase to the Orcish Mines.
 20459 | D:10     | Found an iron altar of Okawaru.
 20543 | D:10     | Found a hide-covered altar of Uskayaw.
 20626 | D:10     | Killed Graphine's ghost
 20665 | Orc:1    | Entered Level 1 of the Orcish Mines
 20851 | Orc:2    | Entered Level 2 of the Orcish Mines
 21046 | Orc:2    | Found a staircase to the Elven Halls.
 21152 | Orc:2    | Noticed an orc warlord
 21183 | Orc:2    | Paralysed by an orc sorcerer for 5 turns
 21318 | Orc:2    | Noticed Rupert
 21335 | Orc:2    | Killed Rupert
 21336 | Orc:2    | Reached skill level 14 in Polearms
 21437 | Orc:2    | Killed an orc warlord
 21821 | Orc:2    | Reached XP level 14. HP: 83/113 MP: 18/21
 21893 | Orc:2    | Found Xuhoq's General Store.
 21893 | Orc:2    | Found Vawiecw's Magic Scroll Shop.
 22106 | Orc:2    | Found Ucsir's Antique Weapon Shoppe.
 22111 | Orc:2    | Noticed Snorg
 22129 | Orc:2    | Killed Snorg
 22172 | Orc:2    | Found Fucumos's Jewellery Shop.
 22194 | Orc:2    | Bought the amulet "Girch" {rC+ Regen+} for 616 gold pieces
 23371 | D:11     | Received a gift from Okawaru
 23384 | D:11     | Identified the amulet "Mad Doge" {Acrobat rF+ Will+ Stlth-}
 23385 | D:11     | Identified the +8 great mace of Calamity {flame, Drain rF+
                  | MP+9}
 23421 | D:11     | Identified the staff of cold "Wiajisch" {rC+ Will+ Str+3
                  | Stlth+}
 23986 | D:12     | You fall into a shaft and drop 2 floors!
 24070 | D:14     | Found a frozen archway.
 24076 | IceCv    | Entered an ice cave
 24146 | IceCv    | Noticed a quicksilver ooze
 24156 | IceCv    | Killed a quicksilver ooze
 24185 | IceCv    | Noticed a quicksilver ooze
 24190 | IceCv    | Killed a quicksilver ooze
 24481 | IceCv    | Reached skill level 15 in Polearms
 24509 | IceCv    | Noticed a quicksilver ooze
 24530 | IceCv    | Killed a quicksilver ooze
 24544 | IceCv    | Noticed a rockslime
 24546 | IceCv    | Found a viscous altar of Jiyva.
 24546 | IceCv    | Noticed an azure jelly
 24554 | IceCv    | Killed a rockslime
 24560 | IceCv    | Noticed an azure jelly
 24560 | IceCv    | Noticed an azure jelly
 24572 | IceCv    | Killed an azure jelly
 24621 | IceCv    | Killed an azure jelly
 24625 | IceCv    | Killed an azure jelly
 24672 | IceCv    | Got the Compendium of Firn
 24674 | IceCv    | Got the Catalogue of Cryomancy
 24677 | IceCv    | Identified the amulet "Moahiafi" {Regen+ Dex+3 SInv}
 24840 | D:13     | Received a gift from Okawaru
 25162 | D:12     | Found a radiant altar of Vehumet.
 25497 | D:13     | Noticed Erolcha
 25507 | D:13     | Killed Erolcha
 25508 | D:13     | Received a gift from Okawaru
 25520 | D:13     | Noticed Josephine
 25539 | D:13     | Killed Josephine
 25753 | D:13     | Found a gate to the Vaults.
 25862 | D:13     | Identified the +1 robe of the Cuttlefish {rF- Str+2 Int+3
                  | Dex+3}
 26245 | D:14     | Reached XP level 15. HP: 122/122 MP: 22/22
 26360 | D:14     | Noticed Nessos
 26365 | D:14     | Killed Nessos
 26475 | D:14     | Identified the +4 plate armour "Juqifem" {rC+ Str+4 Slay+3}
 27047 | D:14     | Found a sacrificial altar of Ru.
 27168 | D:15     | Entered Level 15 of the Dungeon
 27181 | D:15     | Noticed Jorgrun
 27303 | D:15     | Killed Jorgrun
 27438 | D:15     | Paralysed by something for 2 turns
 27445 | D:15     | Reached skill level 16 in Polearms
 27795 | D:15     | Identified the +7 short sword of Slow Death {heavy, +Blink
                  | rPois Str-2 Int+3}
 27864 | D:15     | Found a staircase to the Depths.
 27876 | D:15     | Identified the +1 ring mail of the Insatiable Curses
                  | {Str+2} (Okawaru gifted it to you on level 15 of the
                  | Dungeon)
 27876 | D:15     | Received a gift from Okawaru
 28305 | Spider:1 | Entered Level 1 of the Spider Nest
 29269 | Spider:2 | Noticed Louise
 29429 | Spider:2 | Noticed an emperor scorpion
 29452 | Spider:2 | Killed an emperor scorpion
 29665 | Spider:2 | Killed Louise
 29797 | Spider:1 | Received a gift from Okawaru
 29912 | Spider:2 | Reached skill level 10 in Armour
 30221 | Spider:2 | Gained mutation: When seriously injured, your blood forms
                  | very thick armour. (AC +12) [demonic ancestry]
 30221 | Spider:2 | Reached XP level 16. HP: 116/131 MP: 23/23
 30668 | Spider:2 | Reached skill level 17 in Polearms
 31057 | Elf:1    | Entered Level 1 of the Elven Halls
 31261 | Elf:1    | Identified the +0 hat "Genuk" {Dex+4} (Okawaru gifted it to
                  | you on level 1 of the Elven Halls)
 31261 | Elf:1    | Received a gift from Okawaru
 31441 | Elf:1    | Noticed Frances
 31448 | Elf:1    | Gained mutation: You are frail. (-10% HP) [a neqoxec]
 31450 | Elf:1    | Killed Frances
 31496 | Elf:1    | Lost mutation: You are frail. (-10% HP) [potion of
                  | mutation]
 31496 | Elf:1    | Gained mutation: You have sharp toenails. [potion of
                  | mutation]
 31496 | Elf:1    | Gained mutation: You have a somewhat thin skeletal
                  | structure. (Dex +2, Stealth+) [potion of mutation]
 31496 | Elf:1    | Gained mutation: You occasionally lose the ability to drink
                  | potions when taking damage. [potion of mutation]
 31496 | Elf:1    | Gained mutation: Your muscles are strong. (Str +4, Int/Dex
                  | -1) [potion of mutation]
 31736 | Elf:1    | Found Bumul's Armour Emporium.
 32664 | Elf:2    | Received a gift from Okawaru
 33111 | Elf:2    | Reached skill level 18 in Polearms
 33154 | Elf:2    | Found a runed translucent gate.
 33175 | Elf:2    | Found a runed translucent gate.
 33175 | Elf:2    | Found a runed translucent gate.
 33278 | Elf:3    | Entered Level 3 of the Elven Halls
 33391 | Elf:3    | Gained mutation: You are mostly covered in sharp spines.
                  | [demonic ancestry]
 33391 | Elf:3    | Reached XP level 17. HP: 114/140 MP: 24/24
 33395 | Elf:3    | Received a gift from Okawaru
 33471 | Elf:3    | Reached skill level 5 in Evocations
 33471 | Elf:3    | Found Labuzull's Book Emporium.
 33471 | Elf:3    | Found Rasih's Jewellery Shop.
 33472 | Elf:3    | Found Noworur's Book Emporium.
 33854 | Elf:3    | Noticed a deep elf blademaster
 33864 | Elf:3    | Killed a deep elf blademaster
 33882 | Elf:3    | Noticed a deep elf blademaster
 33888 | Elf:3    | Killed a deep elf blademaster
 33889 | Elf:3    | Noticed a deep elf master archer
 33901 | Elf:3    | Killed a deep elf master archer
 33920 | Elf:3    | Noticed a deep elf master archer
 34263 | Elf:3    | Identified the +2 leather armour of Defence {rElec}
 34313 | Elf:3    | Identified the +7 mace "Kutzaeb" {flame, rElec Int+2}
 34317 | Elf:3    | Identified the +6 chain mail "Menococe" {rPois rC+ rN+
                  | rCorr}
 34317 | Elf:3    | Noticed a deep elf blademaster
 34335 | Elf:3    | Killed a deep elf blademaster
 34335 | Elf:3    | Identified the +2 hat of the Morning {rCorr Str+4 Int+6}
                  | (Okawaru gifted it to you on level 3 of the Elven Halls)
 34335 | Elf:3    | Received a gift from Okawaru
 34461 | Elf:3    | Reached skill level 15 in Fighting
 34563 | Elf:3    | HP: 3/142 [deep elf master archer/arrow (8)]
 34563 | Elf:3    | Shot with an arrow by a deep elf master archer

Illustrated notes

Levels and vault maps discovered:
D:1:      dpeg_arrival_simpleton_c, layout_loops_corners, serial_park_tiny_2,
          dreamdust_mushroom_princess, hangedman_glass_teeth,
          chequers_serial_rivers_room_b
D:2:      layout_basic, nicolae_kite_square_tiling_tiny, grunt_ministairs_14
D:3:      layout_rooms, mainiacjoe_overflow_alcove_4,
          hellmonk_ecumenical_altar_lost_god
D:4:      layout_basic, nicolae_dithmenos_the_darkroom,
          lightli_sewer_entry_pipes, kennysheep_small_circle
D:5:      layout_basic, minmay_temple_entry_offerings, uniq_edmund,
          uniq_crazy_yiuf_cottage
D:6:      layout_basic, uniq_pikel
D:7:      layout_loops_ring, grunt_temple_overflow_forces_of_nature,
          uniq_prince_ribbit1, uniq_joseph, uniq_maggie
D:8:      layout_loops_ring, pdpol_wu_jian_five_deadly_venoms,
          minmay_lair_entry_grove, nicolae_transporter_circle
D:9:      layout_loops_ring, nicolae_overflow_hallway_of_the_gods, uniq_amaemon,
          uniq_erica
D:10:     layout_basic, okawaru_altar_gauntlet_db, lemuel_crystal_altar,
          mainiacjoe_overflow_surrounded_room, hellmonk_ghost_happy_afterlife
D:11:     minmay_the_grid_triangle_9x9_rhombus_thin
          [minmay_the_grid_triangle_9x9_steps,
          minmay_the_grid_triangle_9x9_prize_insulated,
          minmay_the_grid_triangle_9x9_corruption,
          minmay_the_grid_triangle_9x9_intruding_spiral], layout_basic
D:12:     layout_roguey, nicolae_vehumet_radiance
D:13:     layout_long_grid, david_vaults_5, uniq_erolcha, uniq_josephine
D:14:     layout_layer_cave, portal_ice_cave_entry_horrid_things,
          nicolae_ru_the_path_less_chosen, uniq_nessos
D:15:     hangedman_depths_entry_try_elsewhere_first, layout_basic,
          chequers_decorated_corner, eino_house_with_fridge, uniq_jorgrun
Lair:1:   layout_hall_layers, enter_volcano_2, disabler_island
Lair:2:   layout_small_grid, hangedman_lair_unloving_vines
Lair:3:   layout_loops_ring, shoals_dummy_entry, spider_nest_entry_rubble,
          grunt_megastairs_4, serial_bayou_shore_a, serial_bayou_shore_b,
          infiniplex_staircase_pool
Lair:4:   layout_regular_city, slime_entry_1, serial_bayou_pond_b,
          minmay_lair_oklob_items, grunt_megastairs_2
Lair:5:   evilmike_catoblepas_cave, layout_loops_ring,
          nicolae_quartered_pool_super, serial_bayou_pond_a
Spider:1: layout_spider_delve
Spider:2: layout_spider_delve, uniq_louise
Spider:3: spiders_nest_scorpion_pit, gammafunk_ghost_tricky_traps, drop_trap
Orc:1:    layout_caves
Orc:2:    st_orc_town, layout_caves, uniq_snorg, uniq_rupert
Elf:1:    eino_elf_arrival_shootout, layout_geoelf_diagonals, serial_shops,
          shop, hangedman_elven_crosses_minicolossus, minivault_25, uniq_frances
Elf:2:    nicolae_elf_blades_crystal_corner, layout_gridlike, uniq_azrael
Elf:3:    minmay_elf_hall_furrowed, layout_gridlike, minmay_shop_grove,
          grunt_megastairs_3

Skill      XL: |  1  2  3  4  5  6  7  8  9 10 11 12 13 14 15 16 17 |
---------------+----------------------------------------------------+-----
Short Blades   | 2 3 4 5 6 7 8 |  8.5
Invocations    | 2 3 5 6 9 10 | 10.0
Fighting       | 5 7 8 9 10 11 12 13 14 15 | 15.0
Dodging        | 3 5 6 8 9 |  9.6
Polearms       | 3 8 11 12 14 15 16 18 | 18.9
Armour         | 3 5 7 8 10 11 | 11.9
Evocations     | 3 4 6 |  6.0
Throwing       | |  1.7
Stealth        | |  3.6

Action                     |  1- 3 |  4- 6 |  7- 9 | 10-12 | 13-15 | 16-18 || total
---------------------------+-------+-------+-------+-------+-------+-------++-------
  Melee: Dagger            |   139 |   355 |   420 |   137 |       |       ||  1051
         Punch             |     2 |     2 |     9 |     1 |       |       ||    14
         Scimitar          |       |       |     5 |       |       |       ||     5
         Glaive            |       |       |       |   329 |  1190 |   432 ||  1951
  Throw: Dart              |       |    15 |    22 |    66 |    42 |    27 ||   172
 Invoke: Heroism           |       |     3 |     2 |    10 |    19 |     7 ||    41
         Finesse           |       |       |       |       |     5 |     4 ||     9
  Evoke: Wand              |       |       |       |     1 |     9 |     1 ||    11
         Phial of floods   |       |       |       |       |       |     1 ||     1
    Use: Scroll            |     5 |     1 |    12 |     8 |    17 |     8 ||    51
         Potion            |       |     4 |       |     2 |     4 |     8 ||    18
   Stab: Sleeping          |    13 |     7 |     7 |     1 |    22 |     7 ||    57
         Distracted        |       |     1 |       |     1 |       |     3 ||     5
 Armour: Robe              |    18 |    18 |       |       |       |       ||    36
         Scale mail        |       |    64 |    87 |   115 |   133 |       ||   399
         Steam dragon scal |       |       |    29 |    21 |       |       ||    50
         Acid dragon scale |       |       |       |       |    89 |   105 ||   194
         Ring mail         |       |       |       |       |   112 |    37 ||   149
  Dodge: Dodged            |    71 |   109 |   151 |   229 |   793 |   329 ||  1682
